Description

Aggressive build based on fast stalker and proxy void.

VOD

https://youtu.be/OjSO3DxPJtk

Replay - Zuka : PvT - Proxy Gate / Proxy Void + Shield Battery !

Build Order

Get SALT Encoding   

  12  0:01  Probe  
  13  0:13  Probe  
  14  0:17  Pylon  
  14  0:25  Probe (Chrono Boost)  
  16  0:37  Probe x2 (Chrono Boost)  
  16  0:39  Gateway  
  16  0:48  Assimilator  
  17  0:53  Probe  
  18  0:59  Pylon  
  18  1:05  Probe  
  19  1:17  Probe  
  20  1:18  Gateway  
  20  1:28  Cybernetics Core  
  20  1:30  Probe  
  21  1:42  Probe  
  22  1:48  Assimilator  
  23  2:02  Stalker x2 (Chrono Boost)  
  27  2:10  Warp Gate  
  27  2:34  Pylon  
  27  2:40  Stalker x2  
  31  2:53  Shield Battery  
  31  2:55  Stargate  
  31  2:59  Shield Battery  
  31  3:11  Shield Battery x2  
  31  3:33  Pylon  
  31  3:39  Void Ray (Chrono Boost)  
  37  4:17  Stalker x2  
  41  4:26  Shield Battery x2  
  41  4:31  Pylon  
Spawning Tool Build Advisor. Get it on Overwolf

Go to:

Details

  • Created by: zuka      
  • Published on: Apr 07, 2018
  • Modified on: Apr 07, 2018
  • Patch: 4.0.0
Show
View Real Time Build Order
Export as new Build Order

Comments (0)

There are no comments. Be the first!

Create an account to comment!